[Event "3rd VIZAG GM-Open 2022"]
[Site "Visakapatnam"]
[Date "2022.06.14"]
[Round "6.15"]
[White "Krishnan Ritvik"]
[Black "Kaustuv, Kundu"]
[Result "0-1"]
[ECO "B47"]
[WhiteElo "2023"]
[BlackElo "2327"]
[Annotator "TA"]
[PlyCount "56"]
[EventDate "2022.06.13"]
[EventType "swiss"]
[EventCountry "IND"]
[SourceTitle "playchess.com"]
[Source "ChessBase"]
[SourceQuality "1"]
[TimeControl "5400+30"]

1. e4 c5 2. Nf3 Nc6 3. d4 cxd4 4. Nxd4 e6 5. Nc3 a6 6. g3 Qc7 7. Bg2 Nf6 8. O-O h5 {[%emt 0:00:30] 8...Nxd4 is a critical line. B47: Sicilian: Taimanov: 5 Nc3 Qc7 6 f4, 6 g3 and 6 Be2.} 9. Nb3 h4 10. Re1 hxg3 {[%emt 0:00:30] The position is equal.} 11. hxg3 Ne5 12. Bf4 (12. f4 $11 Neg4 13. e5 Bc5+ 14. Kf1) 12... d6 $1 $15 {[%emt 0:00:30] [#]} 13. Nd2 $146 ({Predecessor:} 13. a4 Bd7 14. a5 Be7 15. Qd4 Bc6 16. Na4 Nfd7 17. Nb6 Rd8 18. Nxd7 Rxd7 19. Be3 {0-1 (49) Sanal,V (2549)-Perunovic,M (2608) Chess.com INT 2017}) 13... Bd7 14. a4 Be7 15. Qe2 Nfg4 16. a5 (16. Nf3 $15) 16... g5 $17 {[%emt 0:00:30] Black is more active.} 17. Bxe5 Nxe5 18. Qe3 g4 19. Rec1 (19. Ra3 $17 {was called for.}) 19... Rh5 $19 20. Ne2 Bg5 21. Nf4 Ng6 22. Qe2 $2 {[%emt 0:00:30] [#]} (22. c4 {keeps fighting.}) 22... Bxf4 ({Avoid the trap} 22... Nxf4 $2 23. gxf4 Bxf4 24. Qxg4 Bh2+ 25. Kf1 $17) 23. gxf4 O-O-O 24. Qe3 ({Stronger than} 24. Qxg4 Rdh8 25. Nf3 e5 $19) 24... e5 25. f5 (25. fxe5 dxe5 26. Nf1) 25... Nf4 {[%emt 0:00:30] [#] Strongly threatening ...Rdh8. Black is clearly winning.} 26. c4 (26. Re1 $142 Rdh8 27. Qg3) 26... Rdh8 {[%emt 0:00:30] Threatens to win with ...Rh2.} 27. Nf1 {[%emt 0:00:30] Inhibits Rh2.} Qd8 28. f3 g3 {[%emt 0:00:30] White did not feel at home in the position after the opening.  Weighted Error Value: White=1.03/Black=0.07 (flawless)} 0-1

[Event "3rd VIZAG GM-Open 2022"]
[Site "Visakapatnam"]
[Date "2022.06.14"]
[Round "6.16"]
[White "Aradhya, Garg"]
[Black "Priyankara, Chamil"]
[Result "1-0"]
[ECO "E62"]
[WhiteElo "2275"]
[BlackElo "1938"]
[Annotator "TA"]
[PlyCount "95"]
[EventDate "2022.06.13"]
[EventType "swiss"]
[EventCountry "IND"]
[SourceTitle "playchess.com"]
[Source "ChessBase"]
[SourceQuality "1"]
[TimeControl "5400+30"]

1. d4 Nf6 2. c4 g6 3. Nf3 Bg7 4. g3 O-O 5. Nc3 d6 6. Bg2 c6 7. h3 a6 8. O-O b5 $1 9. b3 {[%emt 0:00:08][%cal Bb2b3,Bb3c4,Bc4c5][%mdl 32] [#] E62: King's Indian: Fianchetto: 6...c6 and Panno Variation (6...Nc6) without ...a6.} bxc4 $146 ({Predecessor:} 9... b4 10. Nb1 a5 11. Nbd2 Ba6 12. Qc2 Nbd7 13. Bb2 d5 14. Rfe1 Rc8 15. e4 dxe4 16. Nxe4 Nxe4 17. Rxe4 {½-½ (72) Jirka,J (2392)-Vykouk,J (2442) Chess.com INT 2021}) 10. bxc4 a5 11. Ba3 {[%emt 0:08:54] White is slightly better.} Ba6 (11... Na6 $11 {is superior.}) 12. c5 d5 13. Ne5 Nfd7 14. f4 e6 15. Nf3 Bc4 16. Re1 Na6 17. Qd2 f5 18. e3 Qe7 19. g4 Rfb8 (19... fxg4 $11 20. hxg4 Nb4) 20. g5 $16 {[%emt 0:00:13] Black is now going downhill.} Qd8 21. Bf1 Bxf1 22. Rxf1 Nc7 23. Rab1 Qc8 24. Qd3 {[%emt 0:03:07] White is more active.} Qa6 25. Qxa6 Nxa6 26. Rxb8+ Rxb8 27. Rb1 Kf7 (27... Rxb1+ $16 28. Nxb1 Kf8) 28. Rxb8 $18 Ndxb8 29. Nd2 Nb4 (29... h6 $142) 30. Bxb4 axb4 {[%emt 0:00:00][%mdl 4096] Endgame KBN-KNN} 31. Ne2 Ke8 32. Nc1 Kd8 (32... Bf8 {might work better.} 33. Nd3 Na6) 33. Nd3 Na6 34. Kf2 Kc7 35. h4 Kb7 36. h5 gxh5 37. Kg3 Nc7 38. Nxb4 Nb5 39. Nb1 {[%emt 0:01:58] Inhibits Nc3.} h6 40. gxh6 Bxh6 41. a4 h4+ 42. Kxh4 Nxd4 43. exd4 Bxf4 44. a5 e5 45. a6+ {[%emt 0:00:06] White mates.} Kc7 46. Nd3 exd4 47. Nxf4 Kb8 {[%emt 0:00:00] [#]} 48. Nxd5 $1 {[%emt 0:00:29] Weighted Error Value: White=0.07 (flawless) /Black=0.53} 1-0

[Event "3rd VIZAG GM-Open 2022"]
[Site "Visakapatnam"]
[Date "2022.06.14"]
[Round "6.17"]
[White "Ajay Santhosh Parvathareddy"]
[Black "Baghdasaryan, Vahe"]
[Result "1/2-1/2"]
[ECO "D05"]
[WhiteElo "1563"]
[BlackElo "2267"]
[Annotator "TA"]
[PlyCount "87"]
[EventDate "2022.06.13"]
[EventType "swiss"]
[EventCountry "IND"]
[SourceTitle "playchess.com"]
[Source "ChessBase"]
[SourceQuality "1"]
[TimeControl "5400+30"]

1. d4 e6 2. Nf3 Nf6 3. e3 b6 4. Bd3 Bb7 5. Nbd2 d5 6. O-O Bd6 7. c4 {[%emt 0:08:42] D05: Colle System with ...e6.} O-O 8. Qc2 {[%emt 0:01:26] 8.Qe2 gains popularity.} c5 {[%emt 0:02:21] [#]} 9. dxc5 $146 ({Predecessor:} 9. e4 dxe4 10. Nxe4 Nxe4 11. Bxe4 Bxe4 12. Qxe4 Nd7 13. Rd1 Qc7 14. dxc5 Nxc5 15. Qe2 {½-½ (30) Gomez,J (2519)-Laznicka,V (2591) Dresden 2008}) 9... bxc5 10. e4 {[%emt 0:00:22] [#] Threatens to win with e5.} Nc6 {[%emt 0:01:58] Against e5. And now ...Nb4 would win.} 11. cxd5 exd5 12. exd5 Nb4 ({Resist} 12... Nxd5 13. Bxh7+ Kh8 14. Bf5 $16) 13. Qb3 Bxd5 14. Bc4 Rb8 (14... Bc6 $15) 15. Bxd5 $11 Nbxd5 16. Qd1 Qc7 17. Nc4 Rfd8 18. Bg5 Bf4 19. Bxf6 Nxf6 20. Qc2 Nd5 21. a3 Nb6 22. b3 Nd5 23. Rad1 Bh6 24. Nce5 g6 25. Qe4 Nf4 26. Rxd8+ Rxd8 27. Re1 Ne6 28. Nxf7 Qxf7 29. Qxe6 (29. Qh4 {seems wilder.} Bf8 30. Rxe6 Rd1+ 31. Re1) 29... Qxe6 30. Rxe6 {[%emt 0:00:05][%mdl 4096] Endgame KRB-KRN} Rb8 31. Kf1 Rxb3 32. Ra6 c4 33. Rc6 c3 34. Ke2 (34. a4 $11) 34... Rxa3 (34... Rb2+ $1 $15 35. Kd3 Rxf2) 35. Kd3 Ra2 (35... c2+ $5 36. Kxc2 Ra2+ 37. Kd3 Rxf2 $15) 36. Rxc3 Rxf2 37. Rc8+ Bf8 38. Ra8 Rxg2 39. Rxa7 Bd6 (39... Rf2 $17 40. Ke4 Re2+ 41. Kd5 Bb4) 40. Ra8+ (40. h4 $11 {keeps the balance.}) 40... Kg7 $17 41. h4 Rg3 42. Ke2 Bf4 ({Black should try} 42... h5 $17 {next ...Bf4 is good for Black.} 43. Ra7+ Kf6) 43. Ra4 $11 Rg4 44. Ng5 {[%emt 0:02:05] Weighted Error Value: White=0.11 (very precise) /Black=0.15 (very precise)} 1/2-1/2

[Event "3rd VIZAG GM-Open 2022"]
[Site "Visakapatnam"]
[Date "2022.06.14"]
[Round "6.18"]
[White "Jubin Jimmy"]
[Black "Aditya Varun Gampa"]
[Result "1/2-1/2"]
[ECO "E27"]
[WhiteElo "2259"]
[BlackElo "1836"]
[Annotator "TA"]
[PlyCount "78"]
[EventDate "2022.06.13"]
[EventType "swiss"]
[EventCountry "IND"]
[SourceTitle "playchess.com"]
[Source "ChessBase"]
[SourceQuality "1"]
[TimeControl "5400+30"]

1. d4 Nf6 2. c4 e6 3. Nc3 Bb4 4. a3 Bxc3+ 5. bxc3 O-O 6. f3 d6 7. e4 {[%emt 0:00:54] E27: Nimzo-Indian: Sämisch: 5...0-0 6 f3.} Nc6 8. Bd3 e5 9. Be3 {[%emt 0:00:36] White has an edge.} b6 10. Ne2 Ba6 11. Ng3 Na5 12. Qe2 Qe8 13. a4 Qe6 14. d5 Qe8 15. O-O Nd7 {[%emt 0:00:04] [#]} 16. Rfb1 $146 ({Predecessor:} 16. f4 exf4 17. Rxf4 Ne5 18. Bd4 Bxc4 19. Bxc4 Naxc4 20. Nf5 Ng6 21. Qxc4 Nxf4 22. Bxg7 Qd7 23. Rf1 Ng6 24. Bf6 Rfe8 25. Qe2 Qxa4 26. Qh5 {1-0 (26) Kis,B (2030)-Zelena,T (1899) Hungary 2018}) 16... Nc5 17. Bxc5 bxc5 18. Rb5 Bxb5 $17 19. axb5 {[%emt 0:00:20] [#]} Nb7 20. Ra6 f6 21. Qa2 g6 22. Nf1 Qd7 23. Ne3 Nd8 24. Bc2 Nf7 25. b6 (25. Ng4 $17 Kg7 26. Ne3) 25... cxb6 $19 26. Ba4 Qe7 27. Bc6 Rac8 28. Rxa7 Rc7 29. Ra6 Rb8 30. Qa4 Nd8 31. h3 Kh8 32. Kf2 Qf8 33. Ke2 (33. Bd7 $142) 33... f5 34. exf5 gxf5 35. Ra7 Qf7 ({Black should play} 35... Rf7 $19 {...f4 is the strong threat.} 36. Rxf7 Qxf7) 36. Ra8 Rxa8 37. Qxa8 Qg8 (37... Qf6 $1 $15 {was preferrable.} 38. Nxf5 Rf7) 38. Qb8 $11 Rg7 {[%emt 0:01:40] [#] Hoping for ...f4.} 39. Qxd6 Rxg2+ {[%emt 0:00:19] Weighted Error Value: White=0.23 (precise) /Black=0.17 (very precise)} 1/2-1/2

[Event "3rd VIZAG GM-Open 2022"]
[Site "Visakapatnam"]
[Date "2022.06.14"]
[Round "7.1"]
[White "Audi Ameya"]
[Black "Amonatov, Farrukh"]
[Result "1/2-1/2"]
[ECO "B90"]
[WhiteElo "2389"]
[BlackElo "2622"]
[Annotator "RC"]
[PlyCount "66"]
[EventDate "2022.06.13"]
[EventType "swiss"]
[EventCountry "IND"]
[SourceTitle "playchess.com"]
[Source "ChessBase"]
[SourceQuality "1"]
[TimeControl "5400+30"]

1. e4 c5 2. Nf3 d6 3. d4 cxd4 4. Nxd4 Nf6 5. Nc3 a6 6. f3 e5 7. Nb3 Be6 8. Be3 Be7 9. Qd2 O-O 10. O-O-O a5 11. a4 Nc6 12. g4 Nb4 13. g5 Nh5 14. Kb1 Rc8 15. Nc1 d5 16. exd5 Bf5 17. Bd3 Bxd3 18. Nxd3 Nxd5 19. Nb5 Nxe3 20. Qxe3 Bxg5 21. Qe4 Qe7 22. Nxe5 Bf4 23. Rhe1 Rfd8 24. Qf5 Rxd1+ 25. Rxd1 Qe6 26. Qxe6 fxe6 27. Nd3 Rd8 28. Re1 b6 29. Nxf4 Nxf4 30. Re4 Rf8 31. Nc7 Nd5 32. Nxd5 exd5 33. Re6 Rf6 1/2-1/2

[Event "3rd VIZAG GM-Open 2022"]
[Site "Visakapatnam"]
[Date "2022.06.14"]
[Round "7.2"]
[White "Stupak, Kirill"]
[Black "Harsha Bharathakoti"]
[Result "1/2-1/2"]
[ECO "D30"]
[WhiteElo "2440"]
[BlackElo "2547"]
[Annotator "RC"]
[PlyCount "60"]
[EventDate "2022.06.13"]
[EventType "swiss"]
[EventCountry "IND"]
[SourceTitle "playchess.com"]
[Source "ChessBase"]
[SourceQuality "1"]
[TimeControl "5400+30"]

1. d4 Nf6 2. c4 e6 3. Nf3 d5 4. Bg5 dxc4 5. Qa4+ Nbd7 6. e3 a6 7. Bxc4 Be7 8. Be2 O-O 9. Qc2 b6 10. O-O Bb7 11. Nc3 h6 12. Bh4 c5 13. Rfd1 Qc7 14. Bg3 Bd6 15. Bxd6 Qxd6 16. Rac1 Rac8 17. dxc5 Qxc5 18. Qd2 Qe7 19. Qd6 Qxd6 20. Rxd6 Rc7 21. Rcd1 Rfc8 22. Ne1 Kf8 23. Bf3 Bxf3 24. Nxf3 Ke7 25. Kf1 Rc6 26. Rxc6 Rxc6 27. Ke2 b5 28. a3 g5 29. h3 Rc7 30. Rc1 Rc5 1/2-1/2

[Event "3rd VIZAG GM-Open 2022"]
[Site "Visakapatnam"]
[Date "2022.06.14"]
[Round "7.3"]
[White "Gusain, Himal"]
[Black "Konguvel, Ponnuswamy"]
[Result "1-0"]
[ECO "E60"]
[WhiteElo "2396"]
[BlackElo "2331"]
[Annotator "RC"]
[PlyCount "141"]
[EventDate "2022.06.13"]
[EventType "swiss"]
[EventCountry "IND"]
[SourceTitle "playchess.com"]
[Source "ChessBase"]
[SourceQuality "1"]
[TimeControl "5400+30"]

1. Nf3 Nf6 2. b3 g6 3. Bb2 Bg7 4. g3 O-O 5. Bg2 c5 6. c4 Nc6 7. O-O d6 8. d4 cxd4 9. Nxd4 Bd7 10. Nc2 Qc8 11. Re1 Bh3 12. Bh1 a6 13. Nc3 Rb8 14. Ne3 Ne5 15. Ncd5 Nxd5 16. Nxd5 Re8 17. a4 a5 18. Qd2 Qc5 19. Nf4 Bf5 20. Nd5 Bh3 21. Bg2 Bxg2 22. Kxg2 Ng4 23. e4 e6 24. Bxg7 Kxg7 25. Qc3+ Ne5 26. Ne3 Kg8 27. f4 Nd7 28. Rad1 Qb4 29. Qxb4 axb4 30. Nc2 Nc5 31. Rb1 Na6 32. Red1 Red8 33. Kf3 Kf8 34. Ne1 Rbc8 35. Nd3 d5 36. exd5 exd5 37. cxd5 Rxd5 38. Ne5 Rc3+ 39. Kg4 Nc7 40. Nd7+ Kg7 41. Nb6 Rh5 42. h4 Rf5 43. Rdc1 h5+ 44. Kh3 Rfc5 45. Nc4 b5 46. axb5 Nxb5 47. Rd1 Rf5 48. Kg2 Rc2+ 49. Kf3 Rc3+ 50. Kf2 Rc2+ 51. Kf3 Nc3 52. Ne3 Nxd1 53. Nxc2 Nc3 54. Re1 Rb5 55. Re5 Rb6 56. Rc5 Nb1 57. Ke3 Na3 58. Nd4 Rb7 59. f5 Re7+ 60. Kd3 Re1 61. fxg6 fxg6 62. Rc7+ Kf6 63. Rc6+ Kf7 64. Rb6 Rg1 65. Ne2 Rd1+ 66. Ke4 Nc2 67. Nf4 Re1+ 68. Kd3 Ne3 69. Kd2 Rb1 70. Kxe3 Rxb3+ 71. Nd3 1-0

[Event "3rd VIZAG GM-Open 2022"]
[Site "Visakapatnam"]
[Date "2022.06.14"]
[Round "7.4"]
[White "Paichadze, Luka"]
[Black "Laxman, R.R."]
[Result "1-0"]
[ECO "C67"]
[WhiteElo "2567"]
[BlackElo "2420"]
[Annotator "RC"]
[PlyCount "69"]
[EventDate "2022.06.13"]
[EventType "swiss"]
[EventCountry "IND"]
[SourceTitle "playchess.com"]
[Source "ChessBase"]
[SourceQuality "1"]
[TimeControl "5400+30"]

1. e4 e5 2. Nf3 Nc6 3. Bb5 Nf6 4. O-O Nxe4 5. Re1 Nd6 6. Nxe5 Be7 7. Bf1 Nf5 8. c3 Nxe5 9. Rxe5 d6 10. Re1 O-O 11. d4 d5 12. Nd2 c6 13. Nf3 g6 14. Bf4 Bd6 15. Qd2 Bxf4 16. Qxf4 Qd6 17. Qd2 Ng7 18. b3 Bg4 19. Ne5 Be6 20. h3 f6 21. Nf3 Rfe8 22. c4 Bf7 23. c5 Qc7 24. b4 Rxe1 25. Nxe1 g5 26. a4 Bg6 27. b5 Ne6 28. a5 cxb5 29. Bxb5 Be8 30. Be2 Qf4 31. Qxf4 Nxf4 32. Bf3 Bc6 33. Nc2 Kf7 34. a6 Ke7 35. Nb4 1-0

[Event "3rd VIZAG GM-Open 2022"]
[Site "Visakapatnam"]
[Date "2022.06.14"]
[Round "7.5"]
[White "Savchenko, Boris"]
[Black "Subhayan Kundu"]
[Result "1-0"]
[ECO "E73"]
[WhiteElo "2524"]
[BlackElo "2323"]
[Annotator "RC"]
[PlyCount "69"]
[EventDate "2022.06.13"]
[EventType "swiss"]
[EventCountry "IND"]
[SourceTitle "playchess.com"]
[Source "ChessBase"]
[SourceQuality "1"]
[TimeControl "5400+30"]

1. d4 Nf6 2. c4 g6 3. Nc3 Bg7 4. e4 d6 5. Be2 O-O 6. Be3 e5 7. d5 a5 8. g4 Na6 9. g5 Ne8 10. h4 f5 11. gxf6 Nxf6 12. h5 Nc5 13. hxg6 hxg6 14. Bxc5 dxc5 15. Qd3 Nh7 16. Qe3 Qg5 17. Nb5 Qxe3 18. fxe3 Ng5 19. Nxc7 Ra7 20. Rh2 Nxe4 21. Bd3 Ng3 22. Rg2 e4 23. Rxg3 exd3 24. Rxg6 b6 25. d6 Bf5 26. Rg2 Be4 27. Rg4 Bf5 28. Rg5 Kh7 29. Kd2 Bh6 30. Rg2 Be4 31. Rh2 Rf6 32. Nh3 Bc6 33. Rg1 Rxd6 34. Ng5+ Kg6 35. Ne4+ 1-0

[Event "3rd VIZAG GM-Open 2022"]
[Site "Visakapatnam"]
[Date "2022.06.14"]
[Round "7.6"]
[White "Mirzoev, Azer"]
[Black "Aradhya, Garg"]
[Result "1-0"]
[ECO "D96"]
[WhiteElo "2476"]
[BlackElo "2275"]
[Annotator "RC"]
[PlyCount "161"]
[EventDate "2022.06.13"]
[EventType "swiss"]
[EventCountry "IND"]
[SourceTitle "playchess.com"]
[Source "ChessBase"]
[SourceQuality "1"]
[TimeControl "5400+30"]

1. d4 d5 2. Nf3 Nf6 3. c4 c6 4. Qb3 g6 5. Nc3 Bg7 6. cxd5 cxd5 7. Bg5 Nc6 8. e3 e6 9. Qa3 h6 10. Bh4 Qe7 11. Qxe7+ Kxe7 12. Ne5 g5 13. Nxc6+ bxc6 14. Bg3 Nd7 15. Rc1 e5 16. dxe5 Bxe5 17. Be2 h5 18. f3 h4 19. Bxe5 Nxe5 20. Kf2 Be6 21. Rhd1 f5 22. Na4 f4 23. Nc5 Raf8 24. Rd4 Rf7 25. e4 g4 26. fxg4 f3 27. gxf3 Bxg4 28. exd5 cxd5 29. Nd3 Nxf3 30. Rxg4 Ne5+ 31. Ke3 Nxg4+ 32. Bxg4 Kd6 33. h3 Re7+ 34. Kd2 Rf8 35. Rc3 Rc7 36. Ra3 Rb8 37. Ra4 Rbb7 38. b3 Rf7 39. Be2 Rh7 40. Ne1 Rbg7 41. Ra6+ Kc7 42. Rxa7+ Kb8 43. Rxg7 Rxg7 44. Bg4 Kc7 45. a4 Kd6 46. b4 Rf7 47. a5 Rf1 48. Nc2 Rf4 49. Be2 Rf2 50. a6 Kc7 51. Ne3 d4 52. Nd5+ Kc6 53. Ne7+ Kc7 54. b5 Rf7 55. Nd5+ Kd6 56. b6 Kc6 57. a7 Rf8 58. Nc7 Kb7 59. a8=Q+ Rxa8 60. Bf3+ Kxb6 61. Nxa8+ Kb5 62. Kd3 Kc5 63. Nc7 Kd6 64. Nb5+ Ke5 65. Nxd4 Kf4 66. Bg4 Kg5 67. Ke4 Kf6 68. Nf3 Kg6 69. Nxh4+ Kg5 70. Nf3+ Kf6 71. h4 Kg7 72. Kf4 Kf6 73. Nd2 Kg6 74. Ne4 Kh6 75. Ng3 Kg6 76. Nf5 Kf6 77. h5 Kf7 78. Kg5 Kg8 79. Kg6 Kh8 80. h6 Kg8 81. Nd6 1-0

[Event "3rd VIZAG GM-Open 2022"]
[Site "Visakapatnam"]
[Date "2022.06.14"]
[Round "7.7"]
[White "Abdyjapar, Asyl"]
[Black "Neelotpal, Das"]
[Result "0-1"]
[ECO "E46"]
[WhiteElo "2346"]
[BlackElo "2431"]
[Annotator "RC"]
[PlyCount "56"]
[EventDate "2022.06.13"]
[EventType "swiss"]
[EventCountry "IND"]
[SourceTitle "playchess.com"]
[Source "ChessBase"]
[SourceQuality "1"]
[TimeControl "5400+30"]

1. d4 Nf6 2. c4 e6 3. Nc3 Bb4 4. e3 O-O 5. Nge2 c6 6. a3 Be7 7. Nf4 d5 8. cxd5 Nxd5 9. e4 Nxc3 10. bxc3 c5 11. d5 Bf6 12. Bd2 exd5 13. exd5 Re8+ 14. Be2 Bg4 15. f3 Bh4+ 16. Kf1 Bf5 17. g3 Bf6 18. h4 Be5 19. g4 Bxg4 20. fxg4 Bxf4 21. Bxf4 Qf6 22. Qa4 Nd7 23. Rh3 Nb6 24. Qxe8+ Rxe8 25. Rf3 Nxd5 26. Bg3 Qe6 27. Re1 Qxg4 28. Kf2 Nxc3 0-1

[Event "3rd VIZAG GM-Open 2022"]
[Site "Visakapatnam"]
[Date "2022.06.14"]
[Round "7.8"]
[White "Azaladze, Shota"]
[Black "Ilamparthi A R"]
[Result "0-1"]
[ECO "B06"]
[WhiteElo "2420"]
[BlackElo "2121"]
[Annotator "RC"]
[PlyCount "64"]
[EventDate "2022.06.13"]
[EventType "swiss"]
[EventCountry "IND"]
[SourceTitle "playchess.com"]
[Source "ChessBase"]
[SourceQuality "1"]
[TimeControl "5400+30"]

1. g3 Nf6 2. Bg2 g6 3. e4 d6 4. d4 Bg7 5. Nc3 O-O 6. Nge2 e5 7. h3 exd4 8. Nxd4 Re8 9. O-O Nc6 10. Be3 Ne5 11. Re1 Nc4 12. Bc1 c5 13. Nde2 Rb8 14. a4 a6 15. b3 Na5 16. Bf4 Re6 17. Qd2 Nc6 18. Rad1 Nd4 19. Nxd4 cxd4 20. Qxd4 Nxe4 21. Qa7 Bxc3 22. Rxe4 Rxe4 23. Qxb8 Re8 24. Qxd6 Qxd6 25. Rxd6 Bf5 26. Bxb7 Bxc2 27. Bd5 Re1+ 28. Kh2 Rd1 29. Bh6 Bf6 30. Rd7 Bxb3 31. Rxf7 Rh1+ 32. Kxh1 Bxd5+ 0-1

[Event "3rd VIZAG GM-Open 2022"]
[Site "Visakapatnam"]
[Date "2022.06.14"]
[Round "7.9"]
[White "Kaustuv, Kundu"]
[Black "Nitin, S.."]
[Result "1/2-1/2"]
[ECO "D79"]
[WhiteElo "2327"]
[BlackElo "2399"]
[Annotator "TA"]
[PlyCount "25"]
[EventDate "2022.06.13"]
[EventType "swiss"]
[EventCountry "IND"]
[SourceTitle "playchess.com"]
[Source "ChessBase"]
[SourceQuality "1"]
[TimeControl "5400+30"]

1. Nf3 Nf6 2. g3 g6 3. Bg2 Bg7 4. O-O O-O 5. c4 c6 6. d4 d5 7. cxd5 cxd5 8. Ne5 Ng4 9. Nf3 Nf6 10. Ne5 Ng4 11. Nf3 Nf6 {[%emt 0:00:05] [#]} 12. Ne5 $146 ({Predecessor:} 12. Nc3 Ne4 13. Ne5 Nxc3 14. bxc3 Nc6 15. Nxc6 bxc6 16. Qb3 Qa5 17. Qa3 Qxa3 18. Bxa3 Ba6 19. Rfb1 Rfb8 20. Bxe7 Bxe2 21. Bf1 Bxf1 22. Kxf1 Bf8 23. Bxf8 Kxf8 {½-½ (30) Mamedov,R (2673)-Kovalev,V (2634) Riga 2021}) 12... Ng4 13. Nf3 {[%emt 0:00:57] An uneventful encounter. D79: Fianchetto Grünfeld: Symmetrical Variation (6 0-0 c6 7 cxd5 cxd5).} 1/2-1/2

[Event "3rd VIZAG GM-Open 2022"]
[Site "Visakapatnam"]
[Date "2022.06.14"]
[Round "7.10"]
[White "Bommini Mounika Akshaya"]
[Black "Fedorov, Alexei"]
[Result "0-1"]
[ECO "C41"]
[WhiteElo "2108"]
[BlackElo "2529"]
[Annotator "RC"]
[PlyCount "94"]
[EventDate "2022.06.13"]
[EventType "swiss"]
[EventCountry "IND"]
[SourceTitle "playchess.com"]
[Source "ChessBase"]
[SourceQuality "1"]
[TimeControl "5400+30"]

1. d4 d6 2. e4 e5 3. Nf3 exd4 4. Nxd4 Nf6 5. Nc3 Be7 6. Be2 O-O 7. O-O Re8 8. f4 Bf8 9. Bf3 c5 10. Nde2 Nc6 11. h3 g6 12. Be3 d5 13. Nxd5 Nxe4 14. Nec3 Nxc3 15. bxc3 Bf5 16. Re1 Qd6 17. Bf2 Rxe1+ 18. Bxe1 Ne7 19. g4 Nxd5 20. Qxd5 Bxc2 21. Qxd6 Bxd6 22. Bxb7 Rb8 23. Bd5 Bxf4 24. Bf2 Bd6 25. Rc1 Rb2 26. Be3 Kg7 27. Rf1 f5 28. Rf2 Rb1+ 29. Kg2 Bd3 30. gxf5 Bxf5 31. Rd2 Rc1 32. c4 Rc3 33. Kf2 Be7 34. Rb2 Bxh3 35. Rb7 Kf6 36. Rxa7 Bf5 37. Bf4 Bd3 38. Ra4 Kf5 39. Be3 Rc2+ 40. Kg1 h5 41. Ra7 Bd6 42. Rf7+ Kg4 43. Bf3+ Kg3 44. Bd5 Bf5 45. Rf6 Be5 46. Ra6 Bd4 47. Ra3 Rc1# 0-1

[Event "3rd VIZAG GM-Open 2022"]
[Site "Visakapatnam"]
[Date "2022.06.14"]
[Round "7.11"]
[White "Mitrabha, Guha"]
[Black "Liyanage, Pesandu Rashmitha"]
[Result "1-0"]
[ECO "A31"]
[WhiteElo "2500"]
[BlackElo "1730"]
[Annotator "RC"]
[PlyCount "53"]
[EventDate "2022.06.13"]
[EventType "swiss"]
[EventCountry "IND"]
[SourceTitle "playchess.com"]
[Source "ChessBase"]
[SourceQuality "1"]
[TimeControl "5400+30"]

1. Nf3 Nf6 2. c4 c5 3. d4 cxd4 4. Nxd4 b6 5. Nc3 Bb7 6. Bg5 e6 7. Ndb5 d6 8. Bf4 e5 9. Bg5 a6 10. Bxf6 gxf6 11. Na3 d5 12. cxd5 b5 13. Nc2 b4 14. Nxb4 Qa5 15. a3 Nd7 16. Nc6 Qc7 17. e3 Nb6 18. Rc1 Be7 19. Be2 Rg8 20. Ne4 Qd7 21. Nxe7 Qxe7 22. d6 Qd8 23. Bf3 Rb8 24. O-O f5 25. d7+ Kf8 26. Qd6+ Qe7 27. Qxb8+ 1-0

[Event "3rd VIZAG GM-Open 2022"]
[Site "Visakapatnam"]
[Date "2022.06.14"]
[Round "7.12"]
[White "Nigmatov, Ortik"]
[Black "Mayank Chakraborty"]
[Result "1-0"]
[ECO "B33"]
[WhiteElo "2463"]
[BlackElo "2015"]
[Annotator "RC"]
[PlyCount "143"]
[EventDate "2022.06.13"]
[EventType "swiss"]
[EventCountry "IND"]
[SourceTitle "playchess.com"]
[Source "ChessBase"]
[SourceQuality "1"]
[TimeControl "5400+30"]

1. e4 c5 2. Nf3 Nc6 3. d4 cxd4 4. Nxd4 Nf6 5. Nc3 e5 6. Ndb5 d6 7. Bg5 a6 8. Na3 b5 9. Nd5 Be7 10. Bxf6 Bxf6 11. c3 Bg5 12. Nc2 Ne7 13. a4 bxa4 14. Ncb4 Nxd5 15. Qxd5 Be6 16. Qc6+ Bd7 17. Qxd6 Be7 18. Qxe5 O-O 19. Nd5 Re8 20. Qd4 Bd6 21. Bd3 Re6 22. O-O Rb8 23. Ra2 Qf8 24. Bc2 Rbe8 25. Qd1 Bb5 26. Re1 a3 27. bxa3 Bc4 28. Ra1 Bxa3 29. Nc7 Rd6 30. Nxe8 Rxd1 31. Rexd1 Qxe8 32. Rxa3 g6 33. Rd4 Qb8 34. Ra4 Bb5 35. Rab4 Qf4 36. Rb1 Qc7 37. Bd3 Qxc3 38. Rd8+ Kg7 39. Bxb5 axb5 40. g3 Qc4 41. e5 Qe4 42. Rdd1 Qxe5 43. Rb4 h5 44. Rdb1 Kh6 45. Rxb5 Qd4 46. h4 Kg7 47. Rb7 Qe4 48. R1b4 Qd5 49. Re7 g5 50. hxg5 Qxg5 51. Rbb7 Qc1+ 52. Kh2 h4 53. Rxf7+ Kg6 54. Rg7+ Kf6 55. Rbf7+ Ke6 56. gxh4 Qc4 57. Rh7 Qg4 58. Rf8 Kd5 59. Rf6 Ke5 60. Rhh6 Qg7 61. Re6+ Kd4 62. Rhg6 Qc7+ 63. Kg1 Qf4 64. h5 Qf5 65. h6 Qb1+ 66. Kg2 Qb5 67. Rd6+ Ke4 68. h7 Qh5 69. Rge6+ Kf4 70. Rd4+ Kf5 71. Rd5+ Kf4 72. Rxh5 1-0

[Event "3rd VIZAG GM-Open 2022"]
[Site "Visakapatnam"]
[Date "2022.06.14"]
[Round "7.13"]
[White "Aditya Varun Gampa"]
[Black "Hossain, Enamul"]
[Result "0-1"]
[ECO "B48"]
[WhiteElo "1836"]
[BlackElo "2413"]
[Annotator "RC"]
[PlyCount "58"]
[EventDate "2022.06.13"]
[EventType "swiss"]
[EventCountry "IND"]
[SourceTitle "playchess.com"]
[Source "ChessBase"]
[SourceQuality "1"]
[TimeControl "5400+30"]

1. e4 c5 2. Nf3 e6 3. d4 cxd4 4. Nxd4 Nc6 5. Nc3 Qc7 6. Be3 a6 7. a3 b5 8. Nxc6 Qxc6 9. Bd3 Bb7 10. Qe2 Rc8 11. f3 Bc5 12. Bxc5 Qxc5 13. e5 Ne7 14. O-O-O Bc6 15. f4 b4 16. axb4 Qxb4 17. Ne4 O-O 18. c3 Qa5 19. Nd6 Qa1+ 20. Bb1 Rb8 21. Qc2 g6 22. Rd4 Nf5 23. Nxf5 exf5 24. Re1 Rfc8 25. g4 Bb5 26. gxf5 Rc4 27. fxg6 Ba4 28. gxf7+ Kf8 29. Qf2 Rxb2 0-1